 Dungeon Crawl Stone Soup version 0.21.1-1-g345015fe64 (webtiles) character file.

581 Jerry the Shield-Bearer (level 7, -5/56 HPs)
             Began as a Formicid Fighter on Feb 19, 2018.
             Was an Initiate of Gozag.
             Slain by Jerry's ghost (11 damage)
             ... on level 4 of the Dungeon.
             The game lasted 00:09:02 (4138 turns).

Jerry the Shield-Bearer (Formicid Fighter)          Turns: 4138, Time: 00:09:03

Health: -5/56      AC:  7    Str: 20    XL:     7   Next: 63%
Magic:  16/16      EV:  8    Int: 10    God:    Gozag
Gold:   482        SH: 10    Dex: 10    Spells: 6/6 levels left

rFire    . . .     SeeInvis +   a - +0 war axe
rCold    . . .     Gourm    .   c - +0 shield
rNeg     . . .     Faith    .   r - +0 scale mail {rPois}
rPois    +         Spirit   .   (helmet unavailable)
rElec    .         Reflect  .   (no cloak)
rCorr    .         Harm     .   (no gloves)
MR       .....                  (no boots)
Stlth    ..........             (no amulet)
HPRegen  0.18/turn              e - ring of magical power
MPRegen  0.15/turn              (no ring)

@: no status effects
A: permanent stasis, dig shafts and tunnels, four strong arms, antennae 3
a: Dig, Shaft Self, Potion Petition, Call Merchant, Bribe Branch, Renounce
Religion


You were on level 4 of the Dungeon.
You worshipped Gozag.
Gozag was aware of your devotion.
You were not hungry.

You visited 1 branch of the dungeon, and saw 4 of its levels.

You collected 529 gold pieces.
You paid 47 gold pieces to Gozag.

Inventory:

Hand Weapons
 a - a +0 war axe (weapon)
 d - a +2 flail of protection
 m - a +1 whip of electrocution
 s - a +2 flail of protection
Armour
 b - a +0 scale mail
 c - a +0 shield (worn)
 r - a +0 scale mail of poison resistance (worn)
Jewellery
 e - a ring of magical power (left hand)
Wands
 o - a wand of paralysis (16)
Scrolls
 g - 3 scrolls of identify {unknown}
 j - a scroll of magic mapping {unknown}
 k - a scroll of fog {unknown}
 l - a scroll of blinking {unknown}
Potions
 h - 3 potions of agility {unknown}
 n - a potion of curing
 p - 2 potions of magic {unknown}
 q - a potion of haste {unknown}
 t - a potion of lignification {unknown}
Books
 i - a book of Frost

   Spells                             Type                      Level
   a - Freeze                         Ice                          1
   b - Throw Frost                    Conjuration/Ice              2
   c - Ozocubu's Armour               Charms/Ice                   3
   d - Throw Icicle                   Conjuration/Ice              4
   e - Summon Ice Beast               Ice/Summoning                4
Comestibles
 f - 2 rations


   Skills:
 + Level 5.2 Fighting
 + Level 4.2 Axes
 + Level 5.3 Armour
 + Level 5.8 Shields


You had 6 spell levels left.
You didn't know any spells.

Dungeon Overview and Level Annotations

Branches:
Dungeon (4/15)
 Temple: D:4-7

Altars:
Fedhas
Gozag
Makhleb
Ru

Annotations:
D:4 Jerry's ghost, novice FoFi


Innate Abilities, Weirdness & Mutations

You cannot be hasted, slowed, berserked, paralysed or teleported.
You can dig through walls and to a lower floor.
Your four strong arms can wield two-handed weapons with a shield.
You have a pair of large antennae on your head. (SInv)


Message History

Jerry's ghost is almost destroyed.
You block Jerry's ghost's attack.
You hit Jerry's ghost but do no damage.
Jerry's ghost is almost destroyed.
Jerry's ghost completely misses you.
You hit Jerry's ghost but do no damage.
Jerry's ghost is severely damaged.
Jerry's ghost hits you!
* * * LOW HITPOINT WARNING * * *
Jerry's ghost barely misses you.
You hit Jerry's ghost but do no damage.
Jerry's ghost is severely damaged.
Jerry's ghost shouts, "I have seen your future, and it is all used up."
Jerry's ghost hits you!
* * * LOW HITPOINT WARNING * * *
You barely miss Jerry's ghost.
Jerry's ghost is severely damaged.
Jerry's ghost hits you!
You die...
Your body crumbles into a pile of gold.

#...#...#.###
..##........... $ {
..######.##.### ...
..#.##.# #.# #.#.##.#
#.# #.#.##.# #.#
#.#.##.#
####.#####.####.#)##.#
.......@W............#
####......<.....######
##############


You could see Jerry's ghost.

Vanquished Creatures
  Edmund (D:4)
  The ghost of Bal the Conjurer, an amateur VSCj (D:3)
  A hound (D:2)
  3 orc wizards
  An iguana (D:4)
  2 worker ants (D:4)
  8 adders
  2 oozes (D:2)
  A worm (D:3)
  A dart slug (D:2)
  3 leopard geckos (D:1)
  6 orcs
  A ball python (D:2)
  4 giant cockroaches
  12 goblins
  6 hobgoblins
  13 jackals
  9 kobolds
  A quokka (D:2)
  12 bats
  4 frilled lizards
  3 rats
95 creatures vanquished.

Notes
Turn   | Place    | Note
-------+----------+-------------------------------------------
     0 | D:1      | Jerry the Formicid Fighter began the quest for the Orb.
     0 | D:1      | Reached XP level 1. HP: 18/18 MP: 1/1
     1 | D:1      | Noticed an electric eel
    78 | D:1      | Reached XP level 2. HP: 24/24 MP: 2/2
   232 | D:1      | Reached XP level 3. HP: 25/29 MP: 3/3
   617 | D:1      | Reached XP level 4. HP: 22/37 MP: 4/4
   775 | D:2      | Reached XP level 5. HP: 42/42 MP: 5/5
   809 | D:2      | Found an opulent altar of Gozag.
   821 | D:2      | Became a worshipper of Gozag Ym Sagoz the Greedy
  1010 | D:2      | Found a sacrificial altar of Ru.
  1010 | D:2      | Found a blossoming altar of Fedhas.
  1011 | D:2      | Found a burning altar of Makhleb.
  1313 | D:3      | Noticed Bal's ghost (amateur VSCj)
  1934 | D:3      | Reached XP level 6. HP: 38/49 MP: 6/6
  2367 | D:3      | Reached skill level 5 in Shields
  2783 | D:3      | Killed Bal's ghost
  2990 | D:3      | Reached XP level 7. HP: 17/55 MP: 7/7
  3370 | D:4      | Noticed Edmund
  3382 | D:4      | Killed Edmund
  3382 | D:4      | Reached skill level 5 in Fighting
  3382 | D:4      | Reached skill level 5 in Armour
  3960 | D:4      | Noticed Jerry's ghost (novice FoFi)
  4138 | D:4      | Slain by Jerry's ghost

Skill      XL: |  1  2  3  4  5  6  7 |
---------------+----------------------+-----
Shields        | 4 5 |  5.8
Fighting       | 4 5 |  5.2
Armour         | 4 5 |  5.3
Axes           | 3 4 |  4.2

Action                   |  1- 3 |  4- 6 |  7- 9 || total
-------------------------+-------+-------+-------++-------
Melee: War axe           |    67 |   199 |    87 ||   353
  Use: Potion            |       |     3 |     1 ||     4
 Stab: Distracted        |       |     1 |       ||     1
  Eat: Ration            |       |     2 |     1 ||     3
       Chunk             |       |     1 |       ||     1
Armor: Scale mail        |    35 |    91 |    22 ||   148
Dodge: Dodged            |    41 |    90 |    27 ||   158
Block: Shield            |    46 |   134 |    45 ||   225
